 Dungeon Crawl Stone Soup version 0.20.2-3-g29329e0561 (webtiles) character file.

443 Alfie the Skirmisher (level 7, -10/61 HPs)
             Began as a Hill Orc Fighter on Feb 15, 2024.
             Mangled by Alfie's ghost (12 damage)
             ... on level 5 of the Dungeon.
             The game lasted 00:06:05 (2373 turns).

Alfie the Skirmisher (Hill Orc Fighter)             Turns: 2373, Time: 00:06:05

Health: -10/61     AC:  7    Str: 26    XL:     7   Next: 2%
Magic:  7/7        EV:  8    Int:  8    God:
Gold:   174        SH: 10    Dex: 10    Spells: 6/6 levels left

rFire    . . .     SeeInvis .   a - +0 rapier
rCold    . . .     Gourm    .   c - +0 shield
rNeg     . . .     Faith    .   b - +0 scale mail
rPois    .         Spirit   .   (no helmet)
rElec    .         Reflect  .   (no cloak)
rCorr    .         Harm     .   (no gloves)
MR       +....                  (no boots)
Stlth    ..........             (no amulet)
Regen    0.2/turn               u - ring of protection from magic
MPRegen  0.1/turn               (no ring)

@: mighty
A: no striking features
a: no special abilities


You were on level 5 of the Dungeon.
You were not hungry.

You visited 1 branch of the dungeon, and saw 5 of its levels.

You collected 174 gold pieces.

Inventory:

Hand Weapons
 a - a +0 rapier (weapon)
Missiles
 s - a tomahawk (quivered)
Armour
 b - a +0 scale mail (worn)
 c - a +0 shield (worn)
Jewellery
 h - an uncursed ring of positive energy {unknown}
 o - a +1 ring of protection {unknown}
 u - a ring of protection from magic (left hand)
Wands
 t - a wand of clouds (2/9)
 y - a wand of flame (23/48)
Scrolls
 e - 5 scrolls of teleportation {unknown}
 g - 3 scrolls of enchant armour {unknown}
 k - 5 scrolls of identify {unknown}
 m - a scroll of amnesia {unknown}
 v - 2 scrolls of remove curse {unknown}
 w - a scroll of blinking {unknown}
Potions
 i - 2 potions of lignification {unknown}
 l - a potion of mutation {unknown}
 n - 3 potions of curing {unknown}
 q - a potion of flight {unknown}
 r - 2 potions of degeneration {unknown}
 x - a potion of magic {unknown}
Comestibles
 f - 4 bread rations
 p - a meat ration
 z - 6 fruits


   Skills:
 + Level 5.0 Fighting
 + Level 4.5 Short Blades
 + Level 4.7 Armour
 + Level 1.3 Dodging
 + Level 4.7 Shields


You had 6 spell levels left.
You didn't know any spells.

Dungeon Overview and Level Annotations

Branches:
Dungeon (5/15)
 Temple: D:4-7

Altars:
Fedhas
Nemelex Xobeh

Annotations:
D:3 exclusion: oklob plant
D:5 Alfie's ghost, amateur HOFi


Message History

Alfie's ghost hits you!
You closely miss Alfie's ghost. Alfie's ghost hits you.
You hit Alfie's ghost but do no damage. Alfie's ghost hits you!
* * * LOW HITPOINT WARNING * * *
You barely miss Alfie's ghost. You block Alfie's ghost's attack.
You hit Alfie's ghost but do no damage. Alfie's ghost closely misses you.
You closely miss Alfie's ghost.
Alfie's ghost hits you but does no damage. x2
You hit Alfie's ghost.
Alfie's ghost is lightly damaged.
Alfie's ghost hits you!
* * * LOW HITPOINT WARNING * * *
You hit Alfie's ghost.
Alfie's ghost is moderately damaged.
Alfie's ghost hits you.
* * * LOW HITPOINT WARNING * * *
You puncture Alfie's ghost!
Alfie's ghost is heavily damaged.
Alfie's ghost hits you!
You die...

##....... ..
..#.#.#.# #.##
.......!....#
##.#.#.#.#.#
#..........
##.#.#.#.#.## #
#...w.<.....#
.[..#.#W#.#.#.##
#....@).# #
#########


You could see a worm and Alfie's ghost.

Vanquished Creatures
  2 ogres
  A vampire bat (D:4)
  An iguana (D:5)
  Natasha (thrice) (D:3)
  A worker ant (D:4)
  3 adders
  2 oozes
  A worm (D:2)
  3 dart slugs
  2 orcs
  2 ball pythons
  2 giant cockroaches (D:1)
  4 goblins
  6 hobgoblins
  6 jackals
  6 kobolds
  4 quokkas
  11 bats
  2 frilled lizards
  5 rats
67 creatures vanquished.

Notes
Turn   | Place    | Note
-------+----------+-------------------------------------------
     0 | D:1      | Alfie the Hill Orc Fighter began the quest for the Orb.
     0 | D:1      | Reached XP level 1. HP: 19/19 MP: 1/1
   150 | D:1      | Reached XP level 2. HP: 24/27 MP: 2/2
   162 | D:1      | Reached skill level 4 in Fighting
   453 | D:1      | Found a sparkling altar of Nemelex Xobeh.
   632 | D:2      | Reached XP level 3. HP: 30/33 MP: 3/3
  1227 | D:3      | Noticed Natasha
  1237 | D:3      | Killed Natasha
  1237 | D:3      | Reached XP level 4. HP: 26/40 MP: 4/4
  1549 | D:3      | Noticed Natasha
  1566 | D:3      | Killed Natasha
  1566 | D:3      | Reached XP level 5. HP: 37/47 MP: 5/5
  1577 | D:3      | Found a blossoming altar of Fedhas.
  1595 | D:3      | Noticed an oklob plant
  1628 | D:3      | Noticed Natasha
  1651 | D:3      | Killed Natasha
  1836 | D:4      | Noticed an ogre
  1849 | D:4      | Killed an ogre
  1849 | D:4      | Reached skill level 1 in Dodging
  1849 | D:4      | Reached XP level 6. HP: 7/53 MP: 6/6
  2346 | D:5      | Entered Level 5 of the Dungeon
  2353 | D:5      | Noticed Alfie's ghost (amateur HOFi)
  2363 | D:5      | Reached skill level 5 in Fighting
  2363 | D:5      | Reached XP level 7. HP: 39/61 MP: 7/7
  2372 | D:5      | HP: 1/61 [Alfie's ghost (5)]
  2373 | D:5      | Mangled by Alfie's ghost

Skill      XL: |  1  2  3  4  5  6 |
---------------+-------------------+-----
Fighting       | 4 5 |  5.0
Short Blades   | 3 4 |  4.5
Armour         | 4 |  4.7
Shields        | 4 |  4.7
Dodging        | 1 |  1.3

Action                   |  1- 3 |  4- 6 |  7- 9 || total
-------------------------+-------+-------+-------++-------
Melee: Rapier            |   164 |   138 |    10 ||   312
Throw: Tomahawk          |       |     2 |       ||     2
  Use: Potion            |     1 |     2 |       ||     3
  Eat: Royal jelly       |     1 |     1 |       ||     2
       Bread ration      |       |     1 |       ||     1
Armor: Scale mail        |    67 |    45 |     2 ||   114
Dodge: Dodged            |    41 |    66 |     1 ||   108
Block: Shield            |    75 |    98 |     2 ||   175
